 Dungeon Crawl Stone Soup version 0.22-a0-533-g4d20840 (webtiles) character file.

779 Amnesiac the Slicer (level 7, -1/35 HPs)
             Began as a Spriggan Abyssal Knight on June 23, 2018.
             Was a Priest of Lugonu.
             Slain by a hornet zombie (8 damage)
             ... on level 5 of the Dungeon.
             The game lasted 00:08:02 (4825 turns).

Amnesiac the Slicer (Spriggan Abyssal Knight)       Turns: 4825, Time: 00:08:03

Health: -1/35      AC:  4    Str: 10    XL:     7   Next: 54%
Magic:  20/20      EV: 19    Int: 13    God:    Lugonu [***...]
Gold:   337        SH:  0    Dex: 16    Spells: 6/6 levels left

rFire    . . .     SeeInvis +   a - +2 dagger (venom)
rCold    . . .     Gourm    .   (shield restricted)
rNeg     . . .     Faith    .   b - +0 robe
rPois    .         Spirit   .   (helmet restricted)
rElec    .         Reflect  .   k - +1 cloak
rCorr    .         Harm     .   (gloves unavailable)
MR       +....                  (boots unavailable)
Stlth    ++........             (no amulet)
HPRegen  0.11/turn              e - ring of magical power
MPRegen  0.17/turn              (no ring)

@: very quick
A: very small, unfitting armour, see invisible, herbivore, speed 3, slow
metabolism 2
a: Depart the Abyss, Bend Space, Banish, Renounce Religion


You were on level 5 of the Dungeon.
You worshipped Lugonu.
Lugonu was most pleased with you.
You were not hungry.

You visited 2 branches of the dungeon, and saw 6 of its levels.
You visited the Abyss 1 time.

You collected 337 gold pieces.

Inventory:

Hand Weapons
 a - a +2 dagger of venom (weapon)
Missiles
 h - a throwing net (quivered)
Armour
 b - a +0 robe (worn)
 k - a +1 cloak (worn)
Jewellery
 e - a ring of magical power (left hand)
 w - an uncursed amulet of harm {unknown}
 y - a +5 ring of strength {unknown}
Wands
 d - a wand of acid (5)
Scrolls
 g - a scroll of enchant weapon {!r, unknown}
 l - a scroll of identify {!r, unknown}
 q - a scroll of enchant armour {!r, unknown}
 r - 5 scrolls of teleportation {!r, unknown}
 v - a scroll of immolation {!r, unknown}
 x - a scroll of remove curse {!r, unknown}
Potions
 i - a potion of resistance {!q, unknown}
 j - a potion of lignification {!q}
 m - a potion of agility {!q, unknown}
 n - a potion of magic {!q, unknown}
 o - a potion of brilliance {!q, unknown}
 p - a potion of heal wounds {!q, unknown}
 s - a potion of mutation {!q, unknown}
 t - a potion of ambrosia {!q}
 u - a potion of degeneration {!q, unknown}
 z - a potion of curing {!q, unknown}
Miscellaneous
 f - a phial of floods (inert)
Comestibles
 c - 8 rations


   Skills:
 - Level 2.5 Fighting
 + Level 8.2 Short Blades
 - Level 3.8 Dodging
 - Level 2.5 Stealth
 - Level 2.0 Invocations
 - Level 4.6 Evocations


You had 6 spell levels left.
You didn't know any spells.
Your spell library contained the following spells:

 Spells                   Type           Power        Failure   Level  Hunger
 Confuse                  Hex            #.......     67%         3    ####...
 Tukima's Dance           Hex            #.......     67%         3    ####...
 Ensorcelled Hibernation  Hex/Ice        #.....       43%         2    ###....
 Corona                   Hex            #......      30%         1    ##.....
 Dazzling Spray           Conj/Hex       #.....       67%         3    ####...


Dungeon Overview and Level Annotations

Branches:
Dungeon (5/15)             Temple (1/1) D:4

Altars:
Ashenzari
Cheibriados
Dithmenos
Elyvilon
Fedhas
Gozag
Hepliaklqana
Kikubaaqudgha
Makhleb
Nemelex Xobeh
Okawaru
Qazlal
Ru
Sif Muna
Trog
Uskayaw
Vehumet
Wu Jian
Xom
Yredelemnul
Zin
The Shining One


Innate Abilities, Weirdness & Mutations

You are very small and have problems with some larger weapons.
You are too small for most types of armour.
You have supernaturally acute eyesight. (SInv)
You are a herbivore.
You cover ground extremely quickly.
You need to consume almost no food.


Message History

You hit the worker ant zombie but do no damage.
The worker ant zombie is severely damaged.
You hit the worker ant zombie.
The worker ant zombie is almost destroyed.
The worker ant zombie bites you.
You hit the worker ant zombie.
The worker ant zombie is almost destroyed.
The worker ant zombie bites you but does no damage.
You hit the worker ant zombie.
You destroy the worker ant zombie!
Lugonu accepts your kill.
You start resting.
HP restored.
You open the door.
A leopard gecko, a zombie and a dart slug come into view.
There are monsters nearby!
There are monsters nearby!
There is an open door here.
Wield which item (- for none, * to show all)? (? for menu, Esc to quit)
Okay, then.
You swing at nothing.
You swing at nothing.
You swing at nothing.
You swing at nothing.
You swing at nothing.
Evoke which item? (* to show all) (? for menu, Esc to quit)
Aiming: Corrosive Bolt
Press: ? - help, Shift-Dir - straight line, f - hornet zombie
Aim: a hornet zombie The bolt of acid hits the hornet zombie.
The hornet zombie is splashed with acid.
The hornet zombie is heavily damaged.
The hornet zombie hits you! The hornet zombie closely misses you.
Evoke which item? (* to show all) (? for menu, Esc to quit)
Aiming: Corrosive Bolt
Press: ? - help, Shift-Dir - straight line, f - leopard gecko, p - hornet zombie
Aim: a leopard gecko (clinging)
The bolt of acid hits the hornet zombie.
The hornet zombie is splashed with acid.
The acid corrodes the hornet zombie!
The hornet zombie is almost destroyed.
The bolt of acid hits the leopard gecko.
The leopard gecko is splashed with acid.
You kill the leopard gecko!
Lugonu accepts your kill. The hornet zombie hits you!
* * * LOW HITPOINT WARNING * * *
Unknown command.
You hit the hornet zombie.
The hornet zombie is almost destroyed.
The hornet zombie hits you.
* * * LOW HITPOINT WARNING * * *
You hit the hornet zombie.
The hornet zombie is almost destroyed.
You completely miss the hornet zombie.
The hornet zombie is almost destroyed.
The hornet zombie hits you.
* * * LOW HITPOINT WARNING * * *
You hit the hornet zombie.
The hornet zombie is almost destroyed.
The hornet zombie misses you.
Okay, then.
The hornet zombie hits you!
You die...

#.....# ## #.....# .. #.....#
######. ###### #.....#
.......#########....# #.....#
.......#...Z@..'....###..[..#
...Z...##.######......#.....#
.......##.# #......###)##
...l...'.†# #......'....#
.......#### ###....##.#.##
...#### #....##+#..# .
#..........# #####.....).
#.....#.


You could see a hornet zombie.

Vanquished Creatures
  An ice beast (D:4)
  A centaur (D:5)
  A scorpion (D:5)
  A howler monkey (D:4)
  A jelly (D:5)
  2 hounds
  A centaur skeleton (D:4)
  3 worker ants
  A hound skeleton (D:4)
  A worker ant zombie (D:5)
  2 gnolls (D:4)
  A howler monkey skeleton (D:5)
  6 adders
  An adder skeleton (D:4)
  3 worms (D:2)
  3 leopard geckos
  9 orcs
  4 bats
  5 giant cockroaches
  4 goblins
  5 hobgoblins
  10 jackals
  A quokka (D:2)
  A ball python (D:3)
  3 frilled lizards
  7 kobolds
  A quokka skeleton (D:4)
  8 rats
87 creatures vanquished.

Vanquished Creatures (collateral kills)
  A necrophage (D:5)
  An orc priest (D:5)
  A hound (D:5)
  An orc wizard (D:5)
  A worker ant zombie (D:5)
  2 gnolls (D:4)
  A worm (D:2)
  2 orcs (D:5)
  A leopard gecko skeleton (D:5)
11 creatures vanquished.

Vanquished Creatures (others)
  A wizard (D:3)
1 creature vanquished.

Grand Total: 99 creatures vanquished

Notes
Turn   | Place    | Note
-------+----------+-------------------------------------------
     0 | Abyss:1  | Amnesiac the Spriggan Abyssal Knight began the quest for the Orb.
     0 | Abyss:1  | Reached XP level 1. HP: 11/11 MP: 3/3
   110 | Abyss:1  | Found a corrupted altar of Lugonu.
   115 | Abyss:1  | Found a corrupted altar of Lugonu.
   139 | Abyss:2  | Found a corrupted altar of Lugonu.
   247 | Abyss:2  | Noticed a spatial vortex
   260 | Abyss:2  | Found a sparkling altar of Nemelex Xobeh.
   260 | Abyss:2  | Noticed a thrashing horror
   260 | Abyss:2  | Noticed a thrashing horror
   267 | D:1      | Escaped the Abyss
   306 | D:1      | Reached skill level 1 in Evocations
   541 | D:1      | Reached * piety under Lugonu
   541 | D:1      | Reached XP level 2. HP: 6/16 MP: 4/4
  1150 | D:1      | Reached XP level 3. HP: 18/19 MP: 6/6
  1663 | D:2      | Reached skill level 1 in Stealth
  1753 | D:2      | Reached ** piety under Lugonu
  1990 | D:2      | Reached XP level 4. HP: 12/23 MP: 8/8
  2677 | D:3      | Found a bloodstained altar of Trog.
  2678 | D:3      | Noticed a wizard
  2686 | D:3      | Killed a wizard
  2769 | D:4      | Found a staircase to the Ecumenical Temple.
  2779 | D:4      | Reached skill level 3 in Short Blades
  2782 | Temple   | Entered the Ecumenical Temple
  2884 | D:4      | Reached XP level 5. HP: 20/27 MP: 9/9
  3074 | D:4      | Reached skill level 4 in Short Blades
  3175 | D:4      | Reached *** piety under Lugonu
  3196 | D:4      | Noticed an ice beast
  3207 | D:4      | Reached XP level 6. HP: 29/32 MP: 10/10
  3228 | D:4      | Killed an ice beast
  3228 | D:4      | Reached skill level 5 in Short Blades
  3589 | D:4      | Reached skill level 6 in Short Blades
  3939 | D:5      | Entered Level 5 of the Dungeon
  4102 | D:5      | Reached XP level 7. HP: 32/35 MP: 11/11
  4120 | D:5      | Reached skill level 7 in Short Blades
  4478 | D:5      | Reached skill level 8 in Short Blades
  4825 | D:5      | Slain by a hornet zombie

Vault maps used:
D:1:      moated_graveyard_arrival, minivault_19
D:2:      kennysheep_generic_room_8
D:3:      trog_wizard
D:4:      minmay_temple_entry_mist, minmay_box_of_dots
D:5:      first_ration, st_stairs_2
Temple:   grunt_wide_crystal_templ

Skill      XL: |  1  2  3  4  5  6  7 |
---------------+----------------------+-----
Evocations     | 2 3 4 |  4.6
Stealth        | 2 |  2.5
Invocations    | 2 |  2.0
Short Blades   | 3 4 6 8 |  8.2
Fighting       | |  2.5
Dodging        | |  3.8

Action                   |  1- 3 |  4- 6 |  7- 9 || total
-------------------------+-------+-------+-------++-------
Melee: Short sword       |    95 |       |       ||    95
       Dagger            |    40 |   163 |    50 ||   253
Invok: Depart the Abyss  |     1 |       |       ||     1
Evoke: Phial of floods   |     1 |     2 |       ||     3
       Wand              |       |     1 |     2 ||     3
  Use: Scroll            |     1 |       |       ||     1
       Potion            |       |       |     2 ||     2
 Stab: Sleeping          |     7 |     7 |       ||    14
       Distracted        |       |       |     1 ||     1
  Eat: Ration            |       |     1 |       ||     1
Armor: Robe              |    11 |    13 |     3 ||    27
       Skin              |       |       |     3 ||     3
Dodge: Dodged            |    96 |   115 |    25 ||   236

Table legend:
 A = Spawn XP
 B = Non-spawn XP
 C = Spawn XP percentage of total XP
 D = Spawn monster count
 E = Non-spawn monster count
 F = Spawn count percentage of total count
 G = Total turns spent on level
                    A         B        C        D         E        F      G
               +---------+---------+-------+---------+---------+-------+---------
         Total |       0 |    1114 |   0.0 |       0 |      98 |   0.0 |  4825
               +---------+---------+-------+---------+---------+-------+---------
           D:1 |       0 |      41 |   0.0 |       0 |      25 |   0.0 |   940
           D:2 |       0 |      74 |   0.0 |       0 |      20 |   0.0 |  1135
           D:3 |       0 |      41 |   0.0 |       0 |      15 |   0.0 |   390
           D:4 |       0 |     438 |   0.0 |       0 |      20 |   0.0 |  1123
           D:5 |       0 |     520 |   0.0 |       0 |      18 |   0.0 |   886
               +---------+---------+-------+---------+---------+-------+---------
